 Dungeon Crawl Stone Soup version 0.29-a0-333-gb4c28e87c6 (webtiles) character file.

Game seed: 17666510183902647604

8 Jortsu the Skirmisher (level 2, 24/24 HPs)
             Began as a Demonspawn Fighter on Apr 13, 2022.
             Quit the game on level 1 of the Dungeon.
             The game lasted 00:00:16 (267 turns).

Jortsu the Skirmisher (Demonspawn Fighter)           Turns: 267, Time: 00:00:17

Health: 24/24      AC:  6    Str: 16    XL:     2   Next: 0%
Magic:  2/2        EV:  8    Int:  9    God:
Gold:   0          SH:  4    Dex: 12    Spells: 1/1 levels left

rFire   . . .      SeeInvis .   a - +0 war axe
rCold   . . .      Faith    .   c - +0 buckler
rNeg    . . .      Spirit   .   b - +0 scale mail
rPois   .          Reflect  .   (no helmet)
rElec   .          Harm     .   (no cloak)
rCorr   .          Rampage  .   (no gloves)
Will    .....                   (no boots)
Stlth   ..........              (no amulet)
HPRegen 0.08/turn               (no ring)
MPRegen 0.08/turn               (no ring)

@: no status effects
A: powered by pain 1
a: no special abilities


You were on level 1 of the Dungeon.
You visited 1 branch of the dungeon, and saw 1 of its levels.

Inventory:

Hand Weapons
 a - a +0 war axe (weapon)
Armour
 b - a +0 scale mail (worn)
 c - a +0 buckler (worn)
Potions
 d - a potion of might
 e - a potion of curing {unknown}


   Skills:
 + Level 3.1 Fighting
 + Level 1.8 Axes
 + Level 2.8 Armour
 + Level 2.8 Shields


You had one spell level left.
You didn't know any spells.
Your spell library was empty.

Dungeon Overview and Level Annotations

Branches:
Dungeon (1/15)

Altars:


Innate Abilities, Weirdness & Mutations

You sometimes gain a little power by taking damage.


Message History

The hobgoblin hits you but does no damage.
You slash the hobgoblin!
You kill the hobgoblin!
A frilled lizard comes into view.
You see here a hobgoblin corpse.
You closely miss the giant cockroach.
The giant cockroach barely misses you. x2
You hit the giant cockroach but do no damage.
The giant cockroach bites you but does no damage.
You block the giant cockroach's attack.
You hit the giant cockroach.
The giant cockroach is severely wounded.
You block the giant cockroach's attack.
You hit the giant cockroach but do no damage.
The giant cockroach is severely wounded.
You closely miss the frilled lizard. The giant cockroach barely misses you.
The frilled lizard barely misses you. The giant cockroach barely misses you.
The frilled lizard bites you but does no damage.
You closely miss the giant cockroach.
The giant cockroach is severely wounded.
You barely miss the frilled lizard. The giant cockroach closely misses you.
The frilled lizard bites you.
The giant cockroach bites you but does no damage.
You slash the giant cockroach!
You kill the giant cockroach!
You barely miss the frilled lizard. The frilled lizard barely misses you.
The frilled lizard completely misses you.
You hit the frilled lizard.
You kill the frilled lizard!
You see here a frilled lizard corpse.
A kobold comes into view. It is wielding a +0 short sword.
The kobold shouts!
A kobold is nearby!
You closely miss the kobold. The kobold closely misses you.
The kobold hits you but does no damage.
You hit the kobold.
You kill the kobold!
You have reached level 2!
Your demonic ancestry asserts itself...
You feel energised by your suffering.
Are you sure you want to abandon this character and quit the game? (Confirm with "yes".)

###### ######.....
#....##.##.
#########.##.....#.
#.........##..#..#.
#.##########..#..#.
#.# #.........#.
##.### #.###.#####.
#..@.# #.# #.. ..#.
####)# #.# ### #.#.
... #.# #.##
##.##.#######..†
.##)#>......†.
.#.#.###.#.## #
#....##.#.##
#.###..##.#...
#......##.#.##


There were no monsters in sight!

Vanquished Creatures
  An endoplasm (D:1)
  A giant cockroach (D:1)
  A goblin (D:1)
  A hobgoblin (D:1)
  A ball python (D:1)
  A frilled lizard (D:1)
  A kobold (D:1)
  A rat (D:1)
8 creatures vanquished.

Notes
Turn   | Place    | Note
-------+----------+-------------------------------------------
     0 | D:1      | Jortsu the Demonspawn Fighter began the quest for the Orb.
     0 | D:1      | Reached XP level 1. HP: 18/18 MP: 1/1
   267 | D:1      | Gained mutation: You sometimes gain a little power by
                  | taking damage. [demonic ancestry]
   267 | D:1      | Reached XP level 2. HP: 24/24 MP: 2/2
   267 | D:1      | Quit the game

Illustrated notes

Levels and vault maps discovered:
D:1:      wander_arrival_estate, layout_basic, chequers_ecumenical_altar_twisty

Action                   || total
-------------------------++-------
Melee: War axe           ||    19
Armor: Scale mail        ||    10
Dodge: Dodged            ||    16
Block: Buckler           ||     2

Table legend: (Time is in decaauts)
 A = Elapsed time spent in this place.
 B = Non-inter-level travel time spent in this place.
 C = Inter-level travel time spent in this place.
 D = Time resting spent in this place.
 E = Time spent auto-exploring this place.
 F = Levels seen in this place.
 G = Mean time per level.
                   A        B        C        D        E       F      G
               +--------+--------+--------+--------+--------+-----+--------+
         Total |    275 |    275 |      0 |      0 |    225 |   1 |  275.0 |
       Dungeon |    275 |    275 |      0 |      0 |    225 |   1 |  275.0 |
               +--------+--------+--------+--------+--------+-----+--------+

Top non-repeatable levels by time:
     D:1: 275 daAuts
